[Event "ICC tourney 2049 (75 10)"]
[Site "Internet Chess Club"]
[Date "2020.10.10"]
[Round "2"]
[White "odlepikachu"]
[Black "pika0008"]
[Result "0-1"]
[ICCResult "White resigns"]
[WhiteElo "1817"]
[BlackElo "1667"]
[Opening "QGD Slav defense"]
[ECO "D10"]
[NIC "SL.01"]
[Time "11:09:48"]
[TimeControl "4500+10"]

1. d4 d5 2. c4 c6 3. e3 e6 4. Nc3 Bd6 5. e4 dxe4 6. Nxe4 Bb4+ 7. Bd2 Qxd4 8.
Bxb4 Qxe4+ 9. Be2 Na6 10. Bc3 f6 11. Nf3 Ne7 12. O-O O-O 13. Bd3 Qg4 14. Qc2
Ng6 15. h3 Qh5 16. Kh2 Nf4 17. Ng1 e5 18. Be2 Bf5 19. Qd2 Qg6 20. g3 Nxe2
21. Nxe2 Rfd8 22. Qe3 Rd3 23. Qc1 Bxh3 24. Kxh3 Qh5+ 25. Kg2 Qxe2 26. Re1
Qf3+ 27. Kg1 Rad8 28. Qc2 Nc5 29. Bb4 Ne4 30. Re2 Ng5 31. Bc5 Qh5 32. Be3
Nf3+ 33. Kg2 Qg4 34. Rh1 Qe4 35. Kh3 g5 36. g4 f5 37. Rg1 Nxg1+ 38. Kh2 Nf3+
39. Kh1 Ne1+ {White resigns} 0-1

[Event "ICC tourney 2049 (75 10)"]
[Site "Internet Chess Club"]
[Date "2020.10.10"]
[Round "2"]
[White "premierchess"]
[Black "orwind"]
[Result "0-1"]
[ICCResult "White resigns"]
[WhiteElo "2057"]
[BlackElo "1506"]
[Opening "Sicilian: Taimanov variation"]
[ECO "B45"]
[NIC "SI.36"]
[Time "11:02:42"]
[TimeControl "4500+10"]

1. e4 c5 2. Nf3 e6 3. d4 cxd4 4. Nxd4 Nc6 5. Nc3 Nf6 6. Ndb5 d6 7. Bf4 e5 8.
Bg5 a6 9. Na3 Be7 10. Nc4 b5 11. Bxf6 gxf6 12. Ne3 Be6 13. Ncd5 Bxd5 14.
exd5 Na7 15. Bd3 h5 16. Nf5 Bf8 17. a4 Qa5+ 18. c3 b4 19. c4 Nc8 20. O-O Nb6
21. Qf3 Nd7 22. Ng3 h4 23. Nh5 Qd8 24. Bf5 Rh6 25. Bxd7+ Kxd7 26. c5 dxc5
27. d6 Bxd6 28. Rfd1 Kc7 29. Rd5 Qf8 30. Rad1 Rd8 31. Nxf6 Qe7 32. Rxd6 Rxd6
33. Nd5+ Rxd5 34. Qxd5 Rc6 35. Re1 Re6 36. Qa8 Kb6 37. a5+ Kc7 38. Rd1 Rd6
39. Qa7+ Kd8 40. Qb8+ Kd7 41. Rc1 Ke6 42. h3 Rd8 43. Qb6+ Rd6 44. Qxc5 Rd1+
45. Kh2 Qxc5 46. Rxc5 Kd6 47. Rc4 Rd4 48. Rxd4+ exd4 49. Kg1 Kc5 50. Kf1 Kc4
51. Ke2 Kb3 52. g3 hxg3 53. fxg3 Kc2 {White resigns} 0-1

[Event "ICC tourney 2049 (75 10)"]
[Site "Internet Chess Club"]
[Date "2020.10.10"]
[Round "2"]
[White "Sricharan07"]
[Black "saanvichess"]
[Result "0-1"]
[ICCResult "White resigns"]
[WhiteElo "1874"]
[BlackElo "1744"]
[Opening "French: Tarrasch, Eliskases variation"]
[ECO "C07"]
[NIC "FR.19"]
[Time "11:02:05"]
[TimeControl "4500+10"]

1. e4 e6 2. d4 d5 3. Nd2 c5 4. exd5 Qxd5 5. Ngf3 cxd4 6. Bc4 Qd8 7. Nb3 Qc7
8. Bb5+ Bd7 9. Bxd7+ Nxd7 10. Nfxd4 Ngf6 11. O-O Bd6 12. h3 a6 13. Be3 O-O
14. c3 Nb6 15. Nd2 Nbd5 16. Qe2 Rad8 17. Rfd1 h6 18. N2b3 Rfe8 19. Re1 Bh2+
20. Kh1 Nxe3 21. Qxe3 Bf4 22. Qe2 e5 23. Nf3 e4 24. Nfd4 e3 25. Qf3 exf2 26.
Rxe8+ Rxe8 27. Qxf2 Ne4 28. Qf3 Ng3+ 29. Kh2 Re4 30. Nc2 Qb6 31. Rd1 Ne2+
32. Kh1 Bc7 33. c4 Ng3+ 34. Kh2 Nf5+ 35. Kh1 Qe6 36. Kg1 Rxc4 37. Re1 Qb6+
38. Kh1 Ng3+ 39. Kh2 Rxc2 40. Qd3 Ne4+ {White resigns} 0-1

[Event "ICC tourney 2049 (75 10)"]
[Site "Internet Chess Club"]
[Date "2020.10.10"]
[Round "2"]
[White "kaspanama0375"]
[Black "rmauskopf24"]
[Result "1-0"]
[ICCResult "Black resigns"]
[WhiteElo "1914"]
[BlackElo "1579"]
[Opening "King's Indian: fianchetto without c4"]
[ECO "A49"]
[NIC "QP.06"]
[Time "11:01:53"]
[TimeControl "4500+10"]

1. d4 Nf6 2. Nf3 g6 3. g3 Bg7 4. Bg2 O-O 5. O-O d5 6. b3 c6 7. Bb2 Be6 8.
Nbd2 Qc8 9. c4 Bh3 10. Rc1 Bxg2 11. Kxg2 Qd8 12. Qc2 Nbd7 13. Rfd1 Rc8 14.
e4 dxe4 15. Nxe4 Nxe4 16. Qxe4 Nf6 17. Qe2 e6 18. Ne5 Qb6 19. Qf3 Rcd8 20.
Ba3 Rfe8 21. Bc5 Qc7 22. a4 Rc8 23. Ba3 a5 24. Bb2 c5 25. dxc5 Qxc5 26. Nd7
Nxd7 27. Rxd7 Re7 28. Rxe7 Qxe7 29. Bxg7 Kxg7 30. Rd1 Qc7 31. Qc3+ Kg8 32.
Rd2 Qc6+ 33. Kg1 b6 34. Qe5 Qf3 35. Qb5 Qc6 36. Rd8+ Kg7 37. Rxc8 Qxc8 38.
Qxb6 Qa8 39. c5 Qe4 40. c6 Qe1+ 41. Kg2 Qe4+ 42. Kf1 Qb1+ 43. Ke2 Qe4+ 44.
Kd2 Qd5+ 45. Kc1 Qd6 46. Kc2 e5 47. Qxa5 Qxc6+ 48. Qc3 Qe4+ 49. Kb2 f6 50.
a5 Qe2+ 51. Qc2 Qb5 52. Qc7+ Kh6 53. Qb6 Qe2+ 54. Ka3 Qd1 55. Qe3+ Kg7 56.
Qb6 Qa1+ 57. Kb4 Qe1+ 58. Kb5 Qe2+ 59. Kc6 Qe4+ 60. Kc7 Qd5 61. a6 Qf7+ 62.
Kb8 Qf8+ 63. Kb7 {Black resigns} 1-0

[Event "ICC tourney 2049 (75 10)"]
[Site "Internet Chess Club"]
[Date "2020.10.10"]
[Round "2"]
[White "investigator"]
[Black "IAlwaysWin"]
[Result "0-1"]
[ICCResult "White resigns"]
[WhiteElo "2079"]
[BlackElo "1984"]
[Opening "English opening: Agincourt variation"]
[ECO "A13"]
[NIC "EO.64"]
[Time "11:01:55"]
[TimeControl "4500+10"]

1. c4 e6 2. Nf3 d5 3. d4 Nf6 4. g3 c6 5. Bg2 Bb4+ 6. Bd2 a5 7. a3 Bxd2+ 8.
Nbxd2 O-O 9. O-O b6 10. Qc2 Ba6 11. Ne5 Bb7 12. Rfd1 Nbd7 13. e4 Rc8 14. f4
Qe7 15. Rac1 c5 16. exd5 exd5 17. Qc3 Rfd8 18. cxd5 Bxd5 19. Ndc4 Bxg2 20.
Kxg2 cxd4 21. Qxd4 Nxe5 22. Qxe5 Qb7+ 23. Kg1 b5 24. Ne3 Rxc1 25. Rxc1 Re8
26. Qc5 Qf3 27. Nf5 h5 28. Rf1 Qe2 29. Nxg7 Ng4 30. Qxh5 Kxg7 31. Qg5+ Kf8
32. Qg7+ Kxg7 {White resigns} 0-1

[Event "ICC tourney 2049 (75 10)"]
[Site "Internet Chess Club"]
[Date "2020.10.10"]
[Round "2"]
[White "Mrpeetapizza"]
[Black "prudhvi"]
[Result "0-1"]
[ICCResult "White resigns"]
[WhiteElo "1857"]
[BlackElo "2122"]
[Opening "Scandinavian defense"]
[ECO "B01"]
[NIC "SD.03"]
[Time "11:01:48"]
[TimeControl "4500+10"]

1. e4 d5 2. exd5 Nf6 3. d4 Bg4 4. Be2 Bxe2 5. Nxe2 Qxd5 6. O-O e6 7. Nd2 Nc6
8. c4 Qh5 9. Nf3 Bd6 10. a3 O-O-O 11. b4 g5 12. c5 g4 13. cxd6 gxf3 14. Ng3
Qd5 15. dxc7 Rd7 16. Qxf3 Qxf3 17. gxf3 Nd5 18. Bb2 Rxc7 19. Ne4 Rg8+ 20.
Kh1 Kd7 21. Rg1 Rg6 22. Rg3 Nce7 23. Rxg6 hxg6 24. Rc1 Rxc1+ 25. Bxc1 Nf5
26. Bb2 Nh4 27. Nd2 Nf4 28. Kg1 b5 29. Kf1 Kc6 30. Bc3 Kd5 31. Ke1 Nf5 32.
Ne4 Kc4 33. Kd2 Nd5 34. Bb2 Kb3 35. Kc1 Kc4 36. Kc2 Nf4 37. Bc3 Ne2 38. Nd2+
Kd5 39. Bb2 Nexd4+ 40. Kd3 e5 41. Ne4 Nxf3 42. Nc3+ Kc6 43. Ke4 Nd2+ 44. Kd3
Nc4 45. Bc1 Nfd6 46. f4 exf4 47. Bxf4 Nxa3 48. Kd4 Nc2+ 49. Ke5 Nxb4 50. Kf6
Nd5+ 51. Nxd5 Kxd5 52. Ke7 Ne4 53. Kxf7 g5 54. Bc1 a5 55. Kg6 b4 56. Kf5 a4
57. Kg4 Kd4 58. Kf5 Kd3 59. Bb2 a3 {White resigns} 0-1

[Event "ICC tourney 2049 (75 10)"]
[Site "Internet Chess Club"]
[Date "2020.10.10"]
[Round "2"]
[White "mlabudde"]
[Black "bg26723"]
[Result "0-1"]
[ICCResult "White resigns"]
[WhiteElo "1924"]
[BlackElo "1939"]
[Opening "QGD: exchange, positional line"]
[ECO "D35"]
[NIC "QO.16"]
[Time "11:02:18"]
[TimeControl "4500+10"]

1. d4 d5 2. c4 e6 3. Nc3 Nf6 4. cxd5 exd5 5. Bg5 Be7 6. e3 c6 7. Bd3 O-O 8.
Nge2 Bg4 9. Qc2 Nbd7 10. f3 Bh5 11. Nf4 Bg6 12. Bxg6 hxg6 13. O-O Nh5 14.
Bxe7 Qxe7 15. Rfe1 Nxf4 16. exf4 Qf6 17. Qd2 Rfe8 18. Re3 Nf8 19. Re5 Ne6
20. Rae1 Kf8 21. g3 Re7 22. Nd1 Rae8 23. Nf2 Nc7 24. Qb4 Nb5 25. a4 Qd6 26.
Qd2 Nc7 27. Ng4 Ne6 28. b4 f6 29. R5e3 Kf7 30. Kg2 Qc7 31. Rd1 Qb6 32. Qc3
Qa6 33. a5 Nxf4+ 34. gxf4 Rxe3 35. Nxe3 Qe2+ 36. Kg1 Rxe3 37. Qd2 Qxd2 38.
Rxd2 Rxf3 39. a6 bxa6 40. Rc2 Rxf4 41. Rxc6 Rxd4 42. Rxa6 Rxb4 43. Rxa7+ Kg8
44. Rd7 d4 45. Kf2 Kh7 46. h3 g5 47. Ke2 Kh6 48. Kd3 Kg6 49. Ke4 Ra4 50. Rd6
Kh5 51. Kf5 Kh4 52. Rd7 Kxh3 53. Rxg7 Ra6 54. Rd7 g4 55. Rxd4 g3 56. Rd3 Kh2
57. Kg4 Ra4+ 58. Kf3 g2 59. Rd8 Ra3+ 60. Ke2 g1=Q 61. Rh8+ Rh3 {White
resigns} 0-1

[Event "ICC tourney 2049 (75 10)"]
[Site "Internet Chess Club"]
[Date "2020.10.10"]
[Round "2"]
[White "Elieman"]
[Black "hpu2005"]
[Result "0-1"]
[ICCResult "White resigns"]
[WhiteElo "2058"]
[BlackElo "2000"]
[Opening "Vienna game"]
[ECO "C28"]
[NIC "VG.04"]
[Time "11:02:04"]
[TimeControl "4500+10"]

1. e4 e5 2. Nc3 Nc6 3. Bc4 Nf6 4. d3 Be7 5. f4 exf4 6. Bxf4 d6 7. Nf3 Be6 8.
Bb5 O-O 9. O-O Bg4 10. Ne2 Nh5 11. Be3 Ne5 12. Nfd4 Bg5 13. Qd2 Bxe3+ 14.
Qxe3 g6 15. h3 Bd7 16. Bxd7 Qxd7 17. Nf4 Nxf4 18. Rxf4 c5 19. Ne2 Nc6 20.
Rh4 f6 21. Rf1 Rae8 22. Nc3 Nd4 23. Nd5 Nf5 24. Qf2 Re5 25. Rf4 Kg7 26. c4
Rfe8 27. exf5 g5 28. Rf3 Re2 29. Qg3 Rxb2 30. R3f2 Ree2 31. Rxe2 Rxe2 32.
Rf2 Re5 33. Qf3 Qe8 34. Nc7 Re1+ 35. Kh2 Qe5+ 36. g3 Re3 37. Ne6+ Kg8 38.
Qg4 h5 39. Qe4 Qxg3+ 40. Kh1 Rxe4 41. dxe4 Qxf2 {White resigns} 0-1

[Event "ICC tourney 2049 (75 10)"]
[Site "Internet Chess Club"]
[Date "2020.10.10"]
[Round "2"]
[White "piplup0621"]
[Black "ZaeemA"]
[Result "1/2-1/2"]
[ICCResult "Game drawn by repetition"]
[WhiteElo "1900"]
[BlackElo "1713"]
[Opening "Catalan: closed, 7.Qc2"]
[ECO "E08"]
[NIC "QP.08"]
[Time "11:01:59"]
[TimeControl "4500+10"]

1. d4 d5 2. c4 e6 3. g3 Nf6 4. Nf3 Nbd7 5. Bg2 Be7 6. O-O O-O 7. Qc2 h6 8.
Rd1 c6 9. b3 b6 10. Nc3 Bb7 11. e4 Nxe4 12. Nxe4 dxe4 13. Qxe4 Nf6 14. Qc2
Rc8 15. Bf4 Nh5 16. Be3 Ba8 17. Qe2 Nf6 18. Rac1 Qc7 19. Bf4 Bd6 20. Bxd6
Qxd6 21. c5 Qc7 22. Ne5 b5 23. h4 Nd5 24. Be4 Qd8 25. Bb1 f5 26. f4 Qe8 27.
Bd3 a6 28. Qf2 Nf6 29. Be2 h5 30. Bf3 Rc7 31. Re1 Re7 32. Rc2 Ng4 33. Bxg4
hxg4 34. Qh2 Qh5 35. Rce2 Rfe8 36. Qg2 Rc7 37. Re3 Qh6 38. Nd3 a5 39. Qd2
Ra7 40. Re5 Qg6 41. Qh2 Kf7 42. h5 Qf6 43. Qb2 Rd7 44. R5e3 Kg8 45. Ne5 Rd5
46. R1e2 Bb7 47. Qc3 Ra8 48. Nxc6 Bxc6 49. Rxe6 Qxd4+ 50. Qxd4 Rxd4 51. Rxc6
Rd1+ 52. Kg2 Rc1 53. Rc7 Rd8 54. c6 Rd6 55. h6 Rxh6 56. Rc8+ Kf7 57. Rc7+
Kf8 58. Rc8+ Kf7 59. Rc7+ Kf8 60. Rc8+ Kf7 {Game drawn by repetition}
1/2-1/2

[Event "ICC tourney 2049 (75 10)"]
[Site "Internet Chess Club"]
[Date "2020.10.10"]
[Round "2"]
[White "chessrani"]
[Black "RG2017"]
[Result "0-1"]
[ICCResult "White resigns"]
[WhiteElo "2050"]
[BlackElo "2073"]
[Opening "French: advance, Paulsen attack"]
[ECO "C02"]
[NIC "FR.03"]
[Time "11:02:27"]
[TimeControl "4500+10"]

1. e4 e6 2. d4 d5 3. e5 c5 4. c3 Nc6 5. Nf3 Qb6 6. a3 Nh6 7. b4 cxd4 8. cxd4
Nf5 9. Bb2 Bd7 10. g4 Nfe7 11. Nc3 Na5 12. Rc1 Rc8 13. Nd2 h5 14. Rb1 Nc4
15. Nxc4 dxc4 16. Ne4 Nd5 17. Rc1 a5 18. Rxc4 Rxc4 19. Bxc4 axb4 20. Qb3
bxa3 21. Bxd5 Qxb3 22. Bxb3 axb2 23. O-O Bb5 24. Rd1 Be2 25. Re1 Bb4 26. Rb1
Ba3 27. Nd6+ Ke7 28. Bc4 Bf3 29. g5 h4 30. Bd3 h3 31. Nc4 Rc8 32. Bf1 Be4
33. Nxa3 Bxb1 34. Nxb1 Rc1 35. Na3 b1=Q 36. Nxb1 Rxb1 {White resigns} 0-1

[Event "ICC tourney 2049 (75 10)"]
[Site "Internet Chess Club"]
[Date "2020.10.10"]
[Round "2"]
[White "winner08"]
[Black "Otelo"]
[Result "0-1"]
[ICCResult "White checkmated"]
[WhiteElo "1797"]
[BlackElo "2056"]
[Opening "Sicilian defense"]
[ECO "B40"]
[NIC "SI.43"]
[Time "11:02:06"]
[TimeControl "4500+10"]

1. e4 c5 2. Nf3 e6 3. c3 Nf6 4. d3 Nc6 5. Be2 d6 6. O-O Be7 7. Nbd2 O-O 8.
d4 cxd4 9. cxd4 Qb6 10. e5 dxe5 11. dxe5 Nd7 12. Nc4 Qc7 13. Bf4 Rd8 14. Qc2
Nb4 15. Qb3 Nd5 16. Bg3 Nc5 17. Qc2 Nb4 18. Qb1 b5 19. Nd6 a6 20. a3 Nd5 21.
Qc2 Qb6 22. Rac1 Bxd6 23. exd6 Nb7 24. Ng5 g6 25. Ne4 f5 26. Ng5 f4 27. Bh4
Rxd6 28. Bh5 e5 29. Bf3 h6 30. Qb3 hxg5 31. Bxd5+ Kg7 32. Bxg5 Rb8 33. Rfd1
Nc5 34. Qc3 Nd7 35. Bxf4 Bb7 36. Bxe5+ Nxe5 37. Qxe5+ Rf6 38. Qxb8 Qxf2+ 39.
Kh1 Bxd5 40. Qg3 Qxb2 41. Qc7+ Rf7 42. Qc3+ Qxc3 43. Rxc3 Rf2 44. Kg1 Rxg2+
45. Kf1 Rg5 46. Rc5 Bg2+ 47. Kf2 Rxc5 48. Kxg2 Rc3 49. Ra1 a5 50. Rb1 Rc2+
51. Kg1 Rc3 52. Rxb5 Rxa3 53. Rb7+ Kh6 54. Rb5 g5 55. Kg2 Kh5 56. Kg1 Ra2
57. Kh1 Kh4 58. Kg1 a4 59. Ra5 g4 60. Ra8 a3 61. Ra7 Kg5 62. Ra5+ Kf4 63.
Ra4+ Kf3 64. h3 Ra1+ 65. Kh2 g3# {White checkmated} 0-1

[Event "ICC tourney 2049 (75 10)"]
[Site "Internet Chess Club"]
[Date "2020.10.10"]
[Round "2"]
[White "abi2009"]
[Black "BadWolf"]
[Result "1-0"]
[ICCResult "Black resigns"]
[WhiteElo "1758"]
[BlackElo "1933"]
[Opening "French: advance variation"]
[ECO "C02"]
[NIC "FR.03"]
[Time "11:02:42"]
[TimeControl "4500+10"]

1. e4 e6 2. d4 d5 3. e5 c5 4. c3 Nc6 5. a3 Qb6 6. Nf3 Nh6 7. Bd3 Bd7 8. Bc2
g6 9. O-O Bg7 10. Re1 O-O 11. b4 cxd4 12. cxd4 f6 13. exf6 Rxf6 14. Be3 Nf5
15. Bxf5 exf5 16. Ne5 Be6 17. f4 Rff8 18. Qd2 a5 19. b5 Qxb5 20. Nc3 Qa6 21.
Na4 Nxe5 22. dxe5 Rac8 23. Nc5 Qc6 24. Rec1 b6 25. Ne4 dxe4 26. Rxc6 Rxc6
27. Rc1 Rxc1+ 28. Qxc1 b5 29. Qc6 Bc4 30. Bc5 Rd8 31. h3 Bh6 32. g3 Bf8 33.
Bxf8 Kxf8 34. Qf6+ Ke8 35. e6 Rd1+ 36. Kf2 Rf1+ 37. Kg2 Rd1 38. Qf7+ Kd8 39.
e7+ Kc7 40. e8=Q+ Bxf7 41. Qxf7+ Rd7 42. Qe6 Rd2+ 43. Kf1 Rd3 44. Qe7+ Rd7
45. Qc5+ Kd8 46. Qxb5 {Black resigns} 1-0

[Event "ICC tourney 2049 (75 10)"]
[Site "Internet Chess Club"]
[Date "2020.10.10"]
[Round "2"]
[White "Zuiopal"]
[Black "JunlinTheWorld"]
[Result "0-1"]
[ICCResult "White resigns"]
[WhiteElo "1698"]
[BlackElo "1884"]
[Opening "Grünfeld: exchange, classical variation"]
[ECO "D87"]
[NIC "GI.05"]
[Time "11:01:57"]
[TimeControl "4500+10"]

1. d4 Nf6 2. c4 g6 3. Nc3 d5 4. cxd5 Nxd5 5. e4 Nxc3 6. bxc3 Bg7 7. Bc4 c5
8. Be3 Nc6 9. Ne2 O-O 10. O-O Qc7 11. Qc1 b6 12. f3 Bb7 13. Rd1 Rfd8 14. Qb2
Rac8 15. Rac1 e6 16. Nf4 Bh6 17. g3 cxd4 18. cxd4 Qe7 19. Ng2 Bxe3+ 20. Nxe3
Qf6 21. Be2 Rxd4 22. Kg2 e5 23. Nd5 Qd6 24. Bc4 Rxd1 25. Rxd1 Nd4 26. Bb3
Kg7 27. f4 Bxd5 28. exd5 f6 29. fxe5 fxe5 30. Rd2 b5 31. a4 Qb4 32. Bd1 Qc5
33. Bb3 b4 34. Rf2 a5 35. d6 Qc6+ 36. Kh3 Rf8 37. Rxf8 Kxf8 38. Qf2+ Qf3 39.
Qxf3+ Nxf3 40. Bd5 Nd4 41. Kg4 b3 42. Kg5 b2 43. Ba2 Ne2 44. Kf6 Ke8 45. Bb1
Nc3 46. Bc2 e4 47. Ke5 e3 48. d7+ Kxd7 49. Kd4 e2 50. Kxc3 e1=Q+ 51. Kxb2
Qf2 52. Kb3 Qxh2 53. Bd3 Qxg3 {White resigns} 0-1

[Event "ICC tourney 2049 (75 10)"]
[Site "Internet Chess Club"]
[Date "2020.10.10"]
[Round "2"]
[White "canary2016"]
[Black "RhettLangseth"]
[Result "0-1"]
[ICCResult "White checkmated"]
[WhiteElo "1939"]
[BlackElo "2185"]
[Opening "Old Indian defense"]
[ECO "A53"]
[NIC "OI.07"]
[Time "11:01:51"]
[TimeControl "4500+10"]

1. d4 d6 2. c4 Nf6 3. Nf3 Nbd7 4. g3 e5 5. Bg2 c6 6. dxe5 Nxe5 7. Qc2 Nxf3+
8. exf3 Be7 9. O-O O-O 10. Nc3 Be6 11. b3 Qa5 12. Bb2 Rfe8 13. Rfe1 Nd7 14.
Rad1 Qh5 15. Ne2 Ne5 16. Nf4 Nxf3+ 17. Bxf3 Qxf3 18. Nxe6 fxe6 19. Rxe6 Bf6
20. Rdxd6 Rxe6 21. Rxe6 Rd8 22. Re1 Bg5 23. Qe2 Qf7 24. Bc3 c5 25. Qg4 Bf6
26. Bxf6 Qxf6 27. Qe6+ Qxe6 28. Rxe6 Kf7 29. Re2 a6 30. Kg2 b5 31. cxb5 axb5
32. Rc2 Rc8 33. Kf3 Ke6 34. Ke4 Kd6 35. Rd2+ Kc6 36. Kd3 Rd8+ 37. Kc3 Re8
38. h3 Re1 39. h4 h5 40. Rc2 g6 41. Rd2 Re7 42. Rd3 Rf7 43. f3 Re7 44. Kd2
Ra7 45. Ke3 Rxa2 46. Ke4 c4 47. bxc4 bxc4 48. Rd8 Kc5 49. Rc8+ Kb4 50. Rb8+
Kc3 51. Rb6 Kd2 52. Rd6+ Kc2 53. Rxg6 c3 54. Rg5 Kd2 55. Rd5+ Ke2 56. g4
Ra4+ 57. Kf5 c2 58. Rc5 Ra5 59. Rxa5 c1=Q 60. Re5+ Kxf3 61. gxh5 Qf4+ 62.
Ke6 Qxh4 63. Rf5+ Kg4 64. Rd5 Qe1+ 65. Re5 Qc1 66. Rd5 Qc6+ 67. Rd6 Qe8+ 68.
Kd5 Qxh5+ 69. Kc6 Qe8+ 70. Kc5 Kf4 71. Rd4+ Ke3 72. Rd5 Qe7+ 73. Kc4 Qe6 74.
Kc5 Ke4 75. Rd4+ Ke5 76. Rc4 Qa6 77. Rb4 Qc8+ 78. Kb5 Kd5 79. Ka4 Qa6+ 80.
Kb3 Qd3+ 81. Kb2 Kc5 82. Rb3 Qd2+ 83. Kb1 Kc4 84. Rb2 Qd1+ 85. Ka2 Kc3 86.
Rh2 Qd5+ 87. Kb1 Qf5+ 88. Ka2 Qa5+ 89. Kb1 Qb6+ 90. Ka2 Qa7+ 91. Kb1 Qb8+
92. Ka1 Qxh2 93. Kb1 Qb2# {White checkmated} 0-1

[Event "ICC tourney 2049 (75 10)"]
[Site "Internet Chess Club"]
[Date "2020.10.10"]
[Round "2"]
[White "spellking98"]
[Black "Knightoffaith"]
[Result "1/2-1/2"]
[ICCResult "Game drawn by repetition"]
[WhiteElo "2065"]
[BlackElo "1787"]
[Opening "Queen's Indian defense"]
[ECO "A47"]
[NIC "QP.06"]
[Time "11:02:17"]
[TimeControl "4500+10"]

1. d4 Nf6 2. Nf3 b6 3. Bf4 e6 4. Nbd2 Bb7 5. e3 Be7 6. Bd3 O-O 7. O-O c5 8.
h3 cxd4 9. exd4 Nc6 10. a3 d6 11. Re1 Qd7 12. Bh2 Rad8 13. Qe2 Rfe8 14. Nc4
h6 15. Ne3 Qc8 16. Ng4 Nxg4 17. hxg4 Bf6 18. c3 e5 19. Bf5 Qb8 20. Qd3 Bc8
21. Rad1 Bxf5 22. Qxf5 Ne7 23. Qh5 Ng6 24. g5 hxg5 25. Nxg5 Bxg5 26. Qxg5
Qc8 27. Bg3 Qc7 28. Kh2 Qc8 29. Re3 Rd7 30. dxe5 dxe5 31. Rxd7 Qxd7 32. Bxe5
Nxe5 33. Rxe5 Qd6 34. f4 Rxe5 35. Qxe5 Qd8 36. c4 Qh4+ 37. Kg1 Qd8 38. Qd5
Qh4 39. Qd2 Qe7 40. Kf1 Qe4 41. b3 Qb1+ 42. Qe1 Qxb3 43. Qe8+ Kh7 44. Qxf7
Qxa3 45. Qh5+ Kg8 46. Qd5+ Kh7 47. f5 a5 48. Qe6 Qa1+ 49. Ke2 Qd4 50. Qg6+
Kg8 51. Qe8+ Kh7 52. Qg6+ Kg8 53. Qe8+ Kh7 54. Qg6+ {Game drawn by
repetition} 1/2-1/2

[Event "ICC tourney 2049 (75 10)"]
[Site "Internet Chess Club"]
[Date "2020.10.10"]
[Round "2"]
[White "Adhvaith0406"]
[Black "MARMAYOGI11"]
[Result "1/2-1/2"]
[ICCResult "Game drawn because neither player has mating material"]
[WhiteElo "2003"]
[BlackElo "2167"]
[Opening "Ruy Lopez: 5.O-O"]
[ECO "C78"]
[NIC "RL.12"]
[Time "11:02:18"]
[TimeControl "4500+10"]

1. e4 e5 2. Nf3 Nc6 3. Bb5 a6 4. Ba4 Nf6 5. O-O b5 6. Bb3 Bc5 7. c3 d6 8. a4
Rb8 9. d4 Bb6 10. axb5 axb5 11. Bd5 Bd7 12. Na3 exd4 13. Nxb5 dxc3 14. Nxc3
h6 15. h3 O-O 16. Re1 Ne5 17. Nxe5 dxe5 18. Bc4 Bd4 19. Qc2 Be6 20. Nb5 Bxc4
21. Qxc4 c5 22. Nxd4 cxd4 23. f4 Qe7 24. Ra5 Rbc8 25. Qd3 exf4 26. Bxf4 Qb4
27. Raa1 Qxb2 28. Rab1 Qc3 29. Rbd1 Qxd3 30. Rxd3 Rc4 31. e5 Nd5 32. Bd2 Rd8
33. Re4 Nc7 34. Ba5 Re8 35. Rexd4 Rxd4 36. Rxd4 Ne6 37. Rc4 Ra8 38. Bc3 Ra2
39. Re4 Rc2 40. Be1 Kh7 41. Kf1 Kg6 42. Re2 Rxe2 43. Kxe2 Kf5 44. Bc3 Ke4
45. g3 g5 46. Kf2 h5 47. Ke2 g4 48. hxg4 hxg4 49. Bb2 Nc5 50. Ba3 Nb3 51.
Bd6 Nc1+ 52. Kf2 Nd3+ 53. Ke2 Nxe5 54. Bc7 Nf3 55. Bb8 Nd4+ 56. Kf2 Kd3 57.
Bc7 Ne6 58. Bb8 Nc5 59. Bc7 Ne4+ 60. Kg2 Ke2 61. Bf4 Nc5 62. Bb8 Nd3 63. Bc7
Ne1+ 64. Kh2 Kf3 65. Bb8 Nc2 66. Bc7 Ne3 67. Kg1 Nf5 68. Kh2 Ng7 69. Bb8 Ne6
70. Kg1 Ng5 71. Bc7 Nh3+ 72. Kh2 Kf2 73. Bb6+ Kf1 74. Be3 Nf2 75. Bf4 f5 76.
Bb8 Ke2 77. Kg2 Nd1 78. Bc7 Ne3+ 79. Kh1 Kf3 80. Kg1 Nd1 81. Bb8 Nc3 82. Bc7
Ne2+ 83. Kh2 Nc3 84. Bb8 Nd5 85. Kg1 Ke2 86. Kg2 Ne3+ 87. Kg1 Kf3 88. Bc7
Nd5 89. Bb8 Nc3 90. Bc7 Ne4 91. Kh2 Ng5 92. Kg1 Nh3+ 93. Kf1 Nf2 94. Kg1 Nd1
95. Bb8 Nc3 96. Bc7 Ne2+ 97. Kh2 Kf2 98. Bb6+ Kf1 99. Bc7 f4 100. gxf4 g3+
101. Kh3 g2 102. Bb6 Nxf4+ 103. Kh2 Nd3 104. Kg3 Nc1 105. Ba7 Ne2+ 106. Kh2
Nf4 107. Kg3 Ne6 108. Kf3 Ng5+ 109. Kg3 Ne4+ 110. Kf3 Nd6 111. Kg3 Nb5 112.
Bb6 Nc3 113. Ba7 Ne4+ 114. Kf3 Nd6 115. Kg3 Nc8 116. Bc5 Ne7 117. Ba7 Nc6
118. Bb6 Ne5 119. Ba7 Nc4 120. Bc5 Nb2 121. Ba7 Nd3 122. Bb6 Ne1 123. Ba7
Ke2 124. Bb6 Kf1 125. Ba7 Nd3 126. Bb6 Nb2 127. Ba7 Nc4 128. Bc5 Ne5 129.
Ba7 Nd7 130. Kf3 Nf6 131. Kg3 Ne4+ 132. Kf3 Ng5+ 133. Kg3 Nf7 134. Bb6 Nd6
135. Ba7 Ne4+ 136. Kf3 Nd2+ 137. Kg3 Nb1 138. Bb6 Na3 139. Ba7 Nb5 140. Bb6
Nd6 141. Ba7 Nf5+ 142. Kf3 g1=Q 143. Bxg1
{Game drawn because neither player has mating material}
1/2-1/2

[Event "ICC tourney 2049 (75 10)"]
[Site "Internet Chess Club"]
[Date "2020.10.10"]
[Round "2"]
[White "WayTooRighteous"]
[Black "kralj8"]
[Result "1/2-1/2"]
[ICCResult "Game drawn by the 50 move rule"]
[WhiteElo "2082"]
[BlackElo "1912"]
[Opening "English: Sicilian reversed"]
[ECO "A25"]
[NIC "EO.20"]
[Time "11:01:55"]
[TimeControl "4500+10"]

1. c4 e5 2. Nc3 Nc6 3. g3 Bc5 4. Bg2 d6 5. e4 Nge7 6. Nge2 O-O 7. O-O f5 8.
d3 Ng6 9. Nd5 Nd4 10. Nxd4 Bxd4 11. Qh5 f4 12. gxf4 exf4 13. Nxf4 Ne5 14. h3
g6 15. Qe2 Qh4 16. Be3 Rxf4 17. Bxd4 Bxh3 18. f3 Bxg2 19. Qxg2 Nxf3+ 20.
Rxf3 Rg4 21. Raf1 Rxg2+ 22. Kxg2 Qg5+ 23. Rg3 Qe7 24. Rgf3 c6 25. Rf6 Rc8
26. R1f2 b5 27. b3 c5 28. Bc3 bxc4 29. bxc4 Rb8 30. Kh3 Rb1 31. R6f3 Rg1 32.
Kh2 Rg4 33. Rf6 Rg5 34. a4 h5 35. Rb2 Qc7 36. Kh1 Qc8 37. Kh2 h4 38. Rf3 Rg3
39. Rxg3 hxg3+ 40. Kxg3 Qc7 41. Kg4 Qd7+ 42. Kg5 Qxa4 43. Kf6 Qa3 44. Rb8+
Kh7 45. Bd2 Qa1+ 46. Kf7 Qf1+ 47. Ke6 g5 48. Bxg5 Qxd3 49. Bf6 Qxe4+ 50.
Kxd6 Qxc4 51. Be5 a5 52. Rb7+ Kg6 53. Rc7 Kf5 54. Bg7 Ke4 55. Rxc5 Qd3+ 56.
Ke6 Qa6+ 57. Kd7 Qb7+ 58. Rc7 Qd5+ 59. Kc8 a4 60. Kb8 a3 61. Ka7 a2 62. Kb6
Qd6+ 63. Kb7 Qd5+ 64. Kb6 Qb3+ 65. Kc6 Qa4+ 66. Kd6 a1=Q 67. Bxa1 Qxa1 68.
Rc4+ Kd3 69. Rc5 Qf6+ 70. Kd5 Qd8+ 71. Ke5 Qb8+ 72. Kd5 Qb4 73. Kc6 Kd4 74.
Rd5+ Ke4 75. Rc5 Qa4+ 76. Kd6 Qa6+ 77. Rc6 Qb5 78. Rc5 Qb3 79. Rc6 Qb4+ 80.
Ke6 Qd4 81. Rd6 Qc5 82. Rd7 Qe5+ 83. Kf7 Kf5 84. Re7 Qd6 85. Ke8 Kf6 86.
Rf7+ Kg6 87. Rd7 Qc6 88. Ke7 Qf6+ 89. Ke8 Qe6+ 90. Kd8 Kf6 91. Kc7 Qc4+ 92.
Kd6 Qe4 93. Kc5 Qc2+ 94. Kd6 Qc4 95. Rc7 Qd4+ 96. Kc6 Ke6 97. Kb5 Kd6 98.
Rc4 Qb2+ 99. Rb4 Qc3 100. Ka4 Kc6 101. Rb3 Qd4+ 102. Rb4 Qd1+ 103. Ka3 Kc5
104. Rb2 Kc4 105. Rc2+ Kd3 106. Rc5 Qb1 107. Ka4 Qb8 108. Rc6 Kd4 109. Rc2
Qb6 110. Ka3 Kd3 111. Rc1 Qb5 112. Ka2 Qb4 113. Rf1 Qa4+ 114. Kb2 Qc2+ 115.
Ka1 Qc6 116. Kb1 Qb6+ 117. Kc1 Ke2 {Game drawn by the 50 move rule} 1/2-1/2

[Event "ICC tourney 2049 (75 10)"]
[Site "Internet Chess Club"]
[Date "2020.10.10"]
[Round "3"]
[White "HR2005"]
[Black "Chessking2008"]
[Result "1/2-1/2"]
[ICCResult "Game drawn by mutual agreement"]
[WhiteElo "2018"]
[BlackElo "2170"]
[Opening "Sicilian: dragon, Yugoslav attack, 10.O-O-O"]
[ECO "B78"]
[NIC "SI.18"]
[Time "14:46:41"]
[TimeControl "4500+10"]

1. e4 c5 2. Nf3 d6 3. d4 cxd4 4. Nxd4 Nf6 5. Nc3 g6 6. Be3 Bg7 7. f3 O-O 8.
Qd2 Nc6 9. Bc4 Bd7 10. O-O-O Ne5 11. Bb3 Rc8 12. Kb1 Nc4 13. Bxc4 Rxc4 14.
g4 b5 15. b3 b4 16. bxc4 bxc3 17. Qxc3 Qc7 18. h4 Rb8+ 19. Kc1 Qb7 20. h5
Bxg4 21. fxg4 Qb1+ 22. Kd2 Nxe4+ 23. Kd3 Nxc3 24. Rxb1 Rxb1 25. Rxb1 Nxb1
26. hxg6 hxg6 27. Nc6 Nc3 28. Nxe7+ Kf8 29. Nd5 Nxa2 30. Bxa7 Ke8 31. c5
dxc5 32. Bxc5 Kd7 33. c4 f5 34. gxf5 gxf5 35. Be3 Bf8 36. Bd2 Kc6 37. Kc2 f4
38. Kb3 f3 39. Kxa2 Kc5 40. Kb3 Kd4 41. Be3+ Kd3 42. Bb6 Bd6 43. Nc3 Bg3
{Game drawn by mutual agreement}
1/2-1/2